 Dungeon Crawl Stone Soup version 0.22-a0-443-g17c3723 (webtiles) character file.

280 Gorglomux the Chopper (level 6, -7/55 HPs)
             Began as a Deep Dwarf Fighter on June 1, 2018.
             Mangled by an ogre
             ... wielding a cursed -3 giant club
              (8 damage)
             ... on level 4 of the Dungeon.
             The game lasted 00:01:20 (975 turns).

Gorglomux the Chopper (Deep Dwarf Fighter)           Turns: 975, Time: 00:01:21

Health: -7/55      AC:  6    Str: 21    XL:     6   Next: 5%
Magic:  2/2        EV:  7    Int:  9    God:
Gold:   94         SH:  9    Dex: 12    Spells: 5/5 levels left

rFire    . . .     SeeInvis +   a - +0 war axe
rCold    . . .     Gourm    .   c - +0 shield
rNeg     . . .     Faith    .   b - +0 scale mail
rPois    .         Spirit   .   k - +0 hat {SInv}
rElec    .         Reflect  .   (no cloak)
rCorr    .         Harm     .   (no gloves)
MR       .....                  (no boots)
Stlth    ..........             (no amulet)
HPRegen  0.00/turn              s - ring of see invisible
MPRegen  0.08/turn              (no ring)

@: non-regenerating, mildly diseased
A: damage resistance, heal wounds, sense surroundings 1, no regeneration
a: Heal Wounds


You were on level 4 of the Dungeon.
You were not hungry.

You visited 1 branch of the dungeon, and saw 4 of its levels.

You collected 94 gold pieces.

Inventory:

Hand Weapons
 a - a +0 war axe (weapon)
Armour
 b - a +0 scale mail (worn)
 c - a +0 shield (worn)
 k - a +0 hat of see invisible (worn)
Jewellery
 s - a ring of see invisible (left hand)
Scrolls
 g - a scroll of blinking {unknown}
 i - 5 scrolls of identify {unknown}
 j - a scroll of amnesia {unknown}
 m - 2 scrolls of teleportation {unknown}
 o - a scroll of enchant armour {unknown}
Potions
 d - a potion of might
 n - a potion of lignification {unknown}
 q - a potion of haste {unknown}
 r - a potion of invisibility {unknown}
Comestibles
 f - 5 rations
 h - 3 chunks of flesh


   Skills:
 - Level 2.6 Fighting
 + Level 7.0 Axes
 - Level 3.2 Armour
 - Level 3.2 Shields


You had 5 spell levels left.
You didn't know any spells.
Your spell library was empty.

Dungeon Overview and Level Annotations

Branches:
Dungeon (4/15)
 Temple: D:4-7

Altars:
Yredelemnul


Innate Abilities, Weirdness & Mutations

You are resistant to damage.
You can heal yourself by infusing magical energy.
You passively map a small area around you.
You do not regenerate.


Message History

The orc hits you!
Unknown command!
You completely miss the orc!
The orc is lightly wounded!
You carve the butt like a ham!
You annihilate the orc!!!
The orc hits you!
You open the orc but do no damage!
The orc is lightly wounded!
You butt the ogre like an butt!
The butt hits you with a giant club!!!!!! * * * don't die
* * * The orc priest calls down the wrath of Beogh upon you!
Beogh smites you!!! * * * don't die
* * * The orc butt-ly misses you!
You barely miss the ogre!
The butt is lightly wounded!
You completely miss the orc!
The ogre hits you with a giant club!!! rip

,, * ,
....... , *
......., ,
.......
....... ####
..... #..##
,o..
##..#####
##O#** * *
##.....##
#@o# * *
####...###.##
, , #...)##.#
#[....#.# *
##.##...# ,
#.##...# *, ,
######.## ,
##...##.##
####
##.....##.#
##...


You could see an ogre, an orc priest and an orc.

Vanquished Creatures
  A necrophage (D:4)
  A scorpion (D:4)
  2 orc wizards (D:4)
  4 gnolls (D:4)
  An ooze (D:2)
  An adder skeleton (D:4)
  3 worms
  2 dart slugs
  A leopard gecko (D:4)
  3 orcs (D:4)
  3 giant cockroaches
  5 kobolds
  A quokka (D:3)
  5 bats (D:1)
  2 frilled lizards
  5 goblins
  5 rats
45 creatures vanquished.

Notes
Turn   | Place    | Note
-------+----------+-------------------------------------------
     0 | D:1      | Gorglomux the Deep Dwarf Fighter began the quest for the Orb.
     0 | D:1      | Reached XP level 1. HP: 20/20 MP: 1/1
   143 | D:1      | Reached skill level 3 in Axes
   161 | D:1      | Reached XP level 2. HP: 25/27 MP: 2/2
   558 | D:3      | Reached XP level 3. HP: 16/33 MP: 3/3
   559 | D:3      | Reached skill level 4 in Axes
   719 | D:4      | Noticed a scorpion
   732 | D:4      | Reached XP level 4. HP: 22/40 MP: 2/2
   744 | D:4      | Reached skill level 5 in Axes
   839 | D:4      | Reached XP level 5. HP: 37/46 MP: 2/2
   889 | D:4      | Found a basalt altar of Yredelemnul.
   889 | D:4      | Noticed a necrophage
   904 | D:4      | Killed a necrophage
   904 | D:4      | Reached skill level 6 in Axes
   913 | D:4      | Reached skill level 7 in Axes
   913 | D:4      | Reached XP level 6. HP: 44/53 MP: 3/3
   974 | D:4      | HP: 1/55 [orc priest/divine providence (15)]
   975 | D:4      | Mangled by an ogre

Vault maps used:
D:1:      dpeg_arrival_subterranean_lakeside_camping
D:2:      minmay_overflow_temple_star_quad
D:4:      minmay_diamond_boxcup, lemuel_round_altar

Skill      XL: |  1  2  3  4  5 |
---------------+----------------+-----
Axes           | 3 4 5 7 |  7.0
Fighting       | |  2.6
Armour         | |  3.2
Shields        | |  3.2

Action                   |  1- 3 |  4- 6 || total
-------------------------+-------+-------++-------
Melee: War axe           |    88 |    58 ||   146
 Abil: Heal Wounds       |     2 |     3 ||     5
  Use: Potion            |       |     1 ||     1
  Eat: Chunk             |       |     1 ||     1
Armor: Scale mail        |    53 |    26 ||    79
Dodge: Dodged            |    35 |    11 ||    46
Block: Shield            |    60 |    37 ||    97

Table legend:
 A = Spawn XP
 B = Non-spawn XP
 C = Spawn XP percentage of total XP
 D = Spawn monster count
 E = Non-spawn monster count
 F = Spawn count percentage of total count
 G = Total turns spent on level
                    A         B        C        D         E        F      G
               +---------+---------+-------+---------+---------+-------+---------
         Total |       0 |     401 |   0.0 |       0 |      45 |   0.0 |   975
               +---------+---------+-------+---------+---------+-------+---------
           D:1 |       0 |      21 |   0.0 |       0 |      15 |   0.0 |   363
           D:2 |       0 |      13 |   0.0 |       0 |       3 |   0.0 |   101
           D:3 |       0 |      25 |   0.0 |       0 |      12 |   0.0 |   238
           D:4 |       0 |     342 |   0.0 |       0 |      15 |   0.0 |   273
               +---------+---------+-------+---------+---------+-------+---------
